 Dungeon Crawl Stone Soup version 0.31-a0-1265-gaa4636e842 (webtiles) character file.

Game seed: 6513866790124770339

1520899 Solx the Slayer (level 25, 165/227 HPs)
             Began as a Minotaur Fighter on Dec 15, 2023.
             Was a High Priest of Okawaru.
             Escaped with the Orb
             ... and 3 runes on Dec 16, 2023!
             The game lasted 04:47:56 (81113 turns).

Solx the Slayer (Minotaur Fighter)                 Turns: 81113, Time: 04:47:57

Health: 165/227    AC: 40    Str: 36    XL:     25   Next: 53%
Magic:  29/29      EV: 14    Int:  7    God:    Okawaru [*****.]
Gold:   1009       SH: 27    Dex: 18    Spells: 24/24 levels left

rFire   + + .        q - +9 eveningstar (flame)
rCold   + + +        a - +3 tower shield {reflect}
rNeg    . . .        F - +6 gold dragon scales
rPois   +            (helmet restricted)
rElec   +            D - scarf {rC+ rF+}
rCorr   +            T - +2 pair of gloves {Str+3}
SInv    .            W - +1 pair of boots "Xiwapi" {Dex+5}
Will    ++...        n - amulet of regeneration Stlth
                     e - ring of Abuugu {rElec rC+}
HPRegen 1.37/turn    U - ring "Fuysext" {rPois Will+ rCorr Str+3 Int+2}
MPRegen 0.21/turn

%: reflection, clarity
@: no status effects
A: horns 2, retaliatory headbutt, iridescent scales 1, clarity, frail 1,
evolution 1
0: Orb of Zot
}: 3/15 runes: decaying, serpentine, abyssal
a: Renounce Religion, Heroism, Finesse, Duel


You escaped.
You worshipped Okawaru.
Okawaru was extremely pleased with you.
You visited 10 branches of the dungeon, and saw 47 of its levels.
You visited the Abyss 1 time.
You also visited: Sewer and Ice Cave.

You collected 4856 gold pieces.
You spent 3847 gold pieces at shops.

Inventory:

Hand Weapons
 q - a +9 eveningstar of flaming (weapon)
 R - a +2 morningstar
Missiles
 c - 13 silver javelins
 p - 23 boomerangs (quivered)
 N - 9 curare-tipped darts
 Y - 25 javelins
 Z - 4 throwing nets
Armour
 a - a +3 tower shield of reflection (worn)
 j - a +1 plate armour of cold resistance
 D - a scarf of resistance (worn)
 F - +6 gold dragon scales (worn)
 T - a +2 pair of gloves of strength (worn)
 V - the +3 Mad Mage's Maulers {Infuse+∞ VampMP -Cast}
   (You found it on level 1 of the Vaults)

   Infuse+∞: It empowers its wearer's blows with all of their magic.
   VampMP:    Blows struck in melee replenish the wearer's magic.
   -Cast:     It prevents spellcasting.
 W - the +1 pair of boots "Xiwapi" (worn) {Dex+5}
   (You bought it in a shop on level 2 of the Orcish Mines)

   Dex+5:     It affects your dexterity (+5).
Jewellery
 b - a ring of protection from cold
 e - the ring of Abuugu (left hand) {rElec rC+}
   (You bought it in a shop on level 2 of the Orcish Mines)

   [ring of protection from cold]

   rC+:       It protects you from cold.
   rElec:     It insulates you from electricity.
 h - a ring of see invisible
 n - an amulet of regeneration (around neck)
 v - an amulet of reflection
 P - a ring of protection from fire
 Q - a ring of willpower
 U - the ring "Fuysext" (right hand) {rPois Will+ rCorr Str+3 Int+2}
   (You bought it in a shop on level 2 of the Depths)

   [ring of willpower]

   Str+3:     It affects your strength (+3).
   Int+2:     It affects your intelligence (+2).
   rPois:     It protects you from poison Will+: It increases your willpower.
   rCorr:     It protects you from acid and corrosion.
Wands
 g - a wand of polymorph (24)
 o - a wand of flame (11)
 y - a wand of roots (27)
 M - a wand of mindburst (50)
 O - a wand of acid (21)
Scrolls
 f - 2 scrolls of revelation
 k - 14 scrolls of teleportation
 r - 4 scrolls of enchant weapon
 w - 10 scrolls of poison
 A - 3 scrolls of fear
 C - 11 scrolls of fog
 H - 6 scrolls of immolation
 I - a scroll of brand weapon
 J - 2 scrolls of silence
 K - 3 scrolls of torment
 L - a scroll of blinking
Potions
 d - 5 potions of might
 i - 4 potions of cancellation
 l - 11 potions of curing
 m - 4 potions of enlightenment
 s - 5 potions of attraction
 t - a potion of haste
 u - 4 potions of resistance
 z - 4 potions of lignification
 E - 5 potions of mutation
 G - 2 potions of invisibility
 S - 2 potions of berserk rage
 X - 3 potions of brilliance
Miscellaneous
 B - a phial of floods


   Skills:
 + Level 26.2 Fighting
 - Level 21.0 Maces & Flails
 - Level 23.0 Throwing
 + Level 24.8 Armour
 - Level 12.0 Dodging
 - Level 23.0 Shields
 - Level 10.0 Invocations
 - Level 4.0 Evocations


You had 24 spell levels left.
You didn't know any spells.
Your spell library contained the following spells:

 Spells                   Type           Power      Damage    Failure   Level
 Apportation              Tloc           0%         N/A       95%         1
 Freeze                   Ice            0%         1d3       95%         1
 Magic Dart               Conj           0%         1d3       95%         1
 Shock                    Conj/Air       0%         1d3       95%         1
 Sting                    Tmut/Pois      0%         1d3       95%         1
 Blink                    Tloc           0%         N/A       99%         2
 Cigotuvi's Dreadful Rot  Necr/Pois/Air  0%         N/A       99%         2
 Ensorcelled Hibernation  Hex/Ice        0%         N/A       99%         2
 Jinxbite                 Hex            0%         N/A       99%         2
 Lesser Beckoning         Tloc           0%         N/A       99%         2
 Momentum Strike          Conj/Tloc      0%         3d8       99%         2
 Passwall                 Tmut/Erth      0%         N/A       99%         2
 Poisonous Vapours        Pois/Air       0%         N/A       99%         2
 Scorch                   Fire           0%         2d5       99%         2
 Searing Ray              Conj           0%         2d4       99%         2
 Sublimation of Blood     Necr           0%         N/A       99%         2
 Wereblood                Tmut           0%         N/A       99%         2
 Frozen Ramparts          Ice            0%         1d1       100%        3
 Gell's Gravitas          Tloc           0%         N/A       100%        3
 Ignite Poison            Fire/Tmut/Pois 0%         N/A       100%        3
 Inner Flame              Hex/Fire       0%         N/A       100%        3
 Mephitic Cloud           Conj/Pois/Air  0%         N/A       100%        3
 Ozocubu's Armour         Ice            0%         N/A       100%        3
 Sigil of Binding         Hex            0%         N/A       100%        3
 Stone Arrow              Conj/Erth      0%         3d7       100%        3
 Swiftness                Air            0%         N/A       100%        3
 Teleport Other           Tloc           0%         N/A       100%        3
 Volatile Blastmotes      Fire/Tloc      0%         2d10      100%        3
 Airstrike                Air            0%         2d(0-16)  100%        4
 Dimensional Bullseye     Hex/Tloc       0%         N/A       100%        4
 Flame Wave               Conj/Fire      0%         2d4       100%        4
 Fulminant Prism          Conj/Hex       0%         3d5       100%        4
 Leda's Liquefaction      Tmut/Erth      0%         N/A       100%        4
 Manifold Assault         Tloc           0%         N/A       100%        4
 Olgreb's Toxic Radiance  Pois           0%         N/A       100%        4
 Passage of Golubria      Tloc           0%         N/A       100%        4
 Petrify                  Tmut/Erth      0%         N/A       100%        4
 Sticky Flame             Conj/Fire      0%         2d3       100%        4
 Alistair's Intoxication  Tmut/Pois      0%         N/A       100%        5
 Freezing Cloud           Conj/Ice/Air   0%         6-21      100%        5
 Lee's Rapid Deconstruct  Erth           0%         3d4*      100%        5
 Metabolic Englaciation   Hex/Ice        0%         N/A       100%        5
 Silence                  Hex/Air        0%         N/A       100%        5
 Conjure Ball Lightning   Conj/Air       0%         3x3d6     100%        6
 Dispersal                Tloc           0%         N/A       100%        6
 Ozocubu's Refrigeration  Ice            0%         4d7       100%        7
 Discord                  Hex            0%         N/A       100%        8
 Disjunction              Tloc           0%         N/A       100%        8
 Ignition                 Fire           0%         3d3       100%        8
 Lehudib's Crystal Spear  Conj/Erth      0%         10d2      100%        8
 Death's Door             Necr           0%         N/A       100%        9
 Polar Vortex             Ice            0%         N/A       100%        9
 Summon Small Mammal      Summ           Unusable   N/A       N/A         1
 Call Canine Familiar     Summ           Unusable   N/A       N/A         3
 Animate Armour           Summ/Erth      Unusable   N/A       N/A         4
 Death Channel            Necr           Unusable   N/A       N/A         6
 Simulacrum               Ice/Necr       Unusable   N/A       N/A         6
 Summon Cactus Giant      Summ           Unusable   N/A       N/A         6
 Summon Hydra             Summ           Unusable   N/A       N/A         7
 Summon Horrible Things   Summ           Unusable   N/A       N/A         8
 Dragon's Call            Summ           Unusable   N/A       N/A         9

Dungeon Overview and Level Annotations

Branches:
Dungeon (15/15)            Temple (1/1) D:7            Lair (5/5) D:10
  Swamp (4/4) Lair:2        Snake (4/4) Lair:3        Slime (0/5) Lair:4
    Orc (2/2) D:10            Elf (3/3) Orc:2        Vaults (4/5) D:13
 Depths (4/4) D:15            Zot (5/5) Depths:4      Sewer (visited)
  IceCv (visited)
  Crypt: Vaults:2-3

Altars:
Ashenzari
Cheibriados
Dithmenos
Elyvilon
Fedhas
Gozag
Hepliaklqana
Kikubaaqudgha
Makhleb
Nemelex Xobeh
Okawaru
Qazlal
Ru
Sif Muna
Trog
Uskayaw
Vehumet
Wu Jian
Xom
Yredelemnul
Zin
The Shining One

Shops:
D:6 (   D:8 *   D:15 (   Orc:1 (   Orc:2 *=:([   Elf:1 ?   Vaults:3 [
Depths:2 =::   Depths:3 :

Portals:
Hell: Depths:2 Depths:3 Depths:4
Abyss: Depths:3 Depths:4
Pandemonium: Depths:1 Depths:2 Depths:3
Ziggurat: Depths:4

Annotations:
D:3 exclusion: downstairs
Lair:1 exclusion: oklob plant
Snake:1 Aizul
Snake:4 Roxanne
Elf:2 3 runed translucent doors, 1 transporter
Vaults:3 1 exclusion
Depths:1 1 transporter
Depths:2 6 runed translucent doors
Zot:3 exclusion: upstairs
Zot:4 exclusion: upstairs
Zot:5 2 transporters, Juzit's ghost, legendary GnFi


Innate Abilities, Weirdness & Mutations

You have a pair of horns on your head.
You reflexively headbutt those who attack you in melee.
You are partially covered in iridescent scales. (AC +2)
You possess an exceptional clarity of mind.
You are frail. (-10% HP)
You have hidden genetic potential.


Message History

Throw: 23 boomerangs
Press: ? - help, Q - select action, (/) - cycle Shift-Dir - straight line, f/p - Brimstone Fiend
Aim: a Brimstone Fiend (severely wounded, 85% to hit)
You throw a boomerang.
The boomerang hits the Brimstone Fiend!!
You kill the Brimstone Fiend!
Okawaru accepts your kill.
Unknown command.
You feel much better.
Unknown command.
Okay, then.
You feel extremely strange.
Your large bone plates disappear.
You feel agile.
You feel healthier.
You feel yourself wasting away.
You feel your magical essence link to the dungeon's wands.
Your toenails lengthen and sharpen.
You feel clever.
You feel extremely strange.
Your talons look more like feet.
You feel stupid.
Your regeneration stops near monsters.
Your talons dull and shrink into feet.
You feel extremely strange.
You feel healthier.
You begin to regenerate regardless of the presence of monsters.
Your magical essence no longer links to wands of the dungeon.
You feel yourself wasting away.
Your bones become slightly less dense.
You feel a hidden potential growing inside you.
You feel extremely strange.
You no longer feel a hidden potential within.
Your skeletal structure returns to normal.
You feel agile.
You feel clever.
Your thoughts seem clearer.
Iridescent scales grow over part of your body.
You feel extremely strange.
Your iridescent scales disappear.
You feel stupid.
You feel healthier.
You feel a hidden potential growing inside you.
Iridescent scales grow over part of your body.
Unknown command.
You can't go up here!
There is an escape hatch in the floor here.
There is an escape hatch in the floor here.
There is a staircase leading out of the dungeon here.
You have escaped!

##.≈.≈...≈.≈...≈.≈.##########..#
.#.≈.≈≈≈≈≈.≈≈≈≈≈.≈.# ##.##
.#.≈......>......≈.# #..#
.#.≈≈≈.≈≈≈≈≈≈≈.≈≈≈.# ##..
.....≈.≈.....≈.≈...# ######
...≈≈≈.≈≈≈.≈≈≈.≈≈≈.# #....#
.#.≈..>..≈.≈..>..≈.#########.....
...≈.≈≈≈.≈.≈.≈≈≈.≈........##....#
##.≈.≈.≈.≈.≈.≈.≈@≈........##....#
#.≈≈≈.≈≈≈.≈≈≈.≈≈≈........##....#
#........................###.###
##########.#######.......# #.# #
#..# #.......###.# # #.##
#...........# #.# #.......#####
##########.########.......#
..................##'######


There were no monsters in sight!

Vanquished Creatures
  A pandemonium lord (Depths:1)
  A dread lich (Zot:5)
  4 orbs of fire
  3 ancient liches
  2 juggernauts
  Sojobo (Depths:4)
  Vv (Depths:3)
  Vashnia (Snake:2)
  5 Killer Klowns
  8 golden dragons
  Jory (Depths:4)
  3 profane servitors (Abyss:3)
  6 bone dragons
  A Tzitzimitl (D:14)
  A Brimstone Fiend (D:1)
  2 electric golems (Zot:5)
  Rupert (D:15)
  26 Orb Guardians
  10 tentacled monstrosities
  5 liches
  Mlioglotl (Swamp:1)
  2 walking earthen tomes (Depths:3)
  2 deep elf blademasters (Elf:3)
  2 ancient champions
  2 quicksilver dragons
  6 sphinxes
  15 tentacled starspawn
  2 deep elf master archers (Elf:3)
  An Executioner (Zot:5)
  6 death cobs
  5 tengu reavers
  11 storm dragons
  5 shadow dragons
  4 protean progenitors
  Donald (Swamp:1)
  4 thorn hunters
  A fenstrider witch (Swamp:2)
  3 deep elf sorcerers (Elf:3)
  3 nagarajas
  8 draconian monks
  8 fire giants
  8 frost giants
  A demonspawn warmonger (Zot:3)
  11 vault wardens
  A draconian shifter (Zot:1)
  An emperor scorpion (D:15)
  7 draconian knights
  2 ghouls (Swamp:4)
  3 balrugs
  2 draconian scorchers
  4 deep elf elementalists (Elf:3)
  A ghost moth (Abyss:3)
  2 draconian annihilators
  5 draconian stormcallers
  2 war gargoyles (Vaults:4)
  16 ironbound preservers
  29 very ugly things
  3 cacodemons
  7 stone giants
  9 ironbound thunderhulks
  2 orc warlords
  5 green draconians
  2 reapers
  2 vampire knights (Depths:2)
  9 deep elf death magi
  2 formless jellyfish
  8 dire elephants
  7 yellow draconians
  4 bunyips (Swamp:1)
  2 deep elf annihilators (Elf:3)
  6 deep elf demonologists
  3 black draconians
  Azrael (Snake:3)
  9 white draconians
  2 eleionomae
  7 red draconians
  9 purple draconians
  A crystal guardian (Vaults:3)
  2 blizzard demons
  8 fire dragons
  11 ettins
  3 jiangshi (Depths:1)
  2 shambling mangroves (Swamp:4)
  4 deep elf high priests
  Josephine (D:15)
  3 entropy weavers
  9 yaktaur captains
  7 ice dragons
  2 rakshasas
  2 great orbs of eyes
  12 hydras
  2 caustic shrike simulacra
  A hell beast (Depths:4)
  3 spriggan air magi
  11 vault guards
  A merfolk avatar (Lair:5)
  8 alligators
  3 salamander tyrants (Snake:4)
  2 jorogumos (Zot:5)
  2 peacekeepers
  2 catoblepae (Lair:5)
  10 ironbound frosthearts
  10 anacondas
  16 centaur warriors
  7 two-headed ogres
  2 death knights
  9 boulder beetles
  3 deep troll shamans
  8 tengu warriors
  2 hell hogs
  20 naga warriors
  20 dancing weapons
  5 deep troll earth magi
  2 demonic crawlers (Abyss:3)
  2 spriggan berserkers
  A vampire mage (Depths:1)
  12 thrashing horrors
  3 orc high priests
  3 occultists
  7 death yaks
  10 hell knights
  7 sun demons
  Nergalle (Orc:1)
  5 shock serpents
  A soul eater (Depths:3)
  19 naga sharpshooters
  11 deep elf knights
  4 iron trolls
  12 wretched stars
  9 skeletal warriors
  5 skysharks
  4 spatial maelstroms (Abyss:3)
  6 salamander mystics
  5 goliath frogs
  6 sixfirhies
  A shadow wraith (Vaults:3)
  6 swamp dragons
  5 spriggan druids
  2 shadow demons
  58 deep trolls
  6 glowing orange brains
  11 sea snakes
  4 bog bodies
  10 deep elf archers
  6 phantasmal warriors
  6 arcanists
  2 flayed ghosts
  2 harpies (shapeshifter)
  4 spectral hydras (Swamp:4)
  4 naga ritualists
  26 large abominations
  2 harpies
  10 orc knights
  9 mana vipers
  24 deep elf zephyrmancers
  20 deep elf pyromancers
  4 lindwurms (Vaults:3)
  21 ironbound convokers
  2 necromancers
  3 orc sorcerers
  A tengu skeleton (Vaults:3)
  33 ugly things
  2 manticores
  5 elephants
  12 moths of wrath
  4 oklob plants
  12 cyclopes
  19 salamanders
  2 worldbinders (Abyss:3)
  4 will-o-the-wisps
  A frost giant skeleton (Vaults:3)
  31 black mambas
  16 vault sentinels
  An ice statue (IceCv)
  An apocalypse crab (Abyss:3)
  10 guardian serpents
  18 naga magi
  10 smoke demons
  A torpor snail (Lair:4)
  A gargoyle (D:12)
  13 cane toads
  3 orange demons
  A dire elephant skeleton (Abyss:3)
  A black mamba (shapeshifter) (Abyss:3)
  An unseen horror (shapeshifter) (Elf:2)
  A kobold demonologist (D:9)
  6 rime drakes
  23 yaktaurs
  3 anaconda simulacra
  2 tormentors
  3 efreet
  2 ice devils (D:13)
  8 freezing wraiths
  5 unseen horrors
  9 komodo dragons
  A tengu conjurer (D:10)
  2 hydra zombies (Swamp:4)
  5 ancient zymes
  4 human skeletons (Vaults:3)
  10 trolls
  4 polar bears
  7 hellwings
  6 tyrant leeches
  A bloated husk (Swamp:3)
  2 hornets (Swamp:1)
  37 blink frogs
  An alligator simulacrum (D:14)
  7 dream sheep (Lair:5)
  3 glass eyes
  A snapping turtle (Lair:5)
  Grinder (D:4)
  22 raiju
  29 slime creatures
  2 death drake skeletons (Swamp:4)
  A shadow (Abyss:3)
  A glass eye (shapeshifter) (Vaults:1)
  2 air elementals
  2 wyverns
  A deep troll skeleton (Vaults:3)
  2 spriggans (shapeshifter)
  An ettin skeleton (Vaults:3)
  3 water elementals
  2 vampires
  3 spriggans
  12 wraiths
  9 ynoxinuls
  3 dire elephant simulacra
  2 fire bats (Abyss:3)
  2 basilisks
  A fire bat (shapeshifter) (Abyss:3)
  67 yaks
  69 starcursed masses
  5 fire elementals
  A death yak simulacrum (IceCv)
  2 redbacks
  4 vampire mosquitoes
  A spatial vortex (Abyss:3)
  10 neqoxecs
  Menkaure (D:4)
  3 steam dragons
  An elf skeleton (Vaults:3)
  A harpy simulacrum (IceCv)
  2 minotaur simulacra (D:14)
  6 chaos spawn
  46 nagas
  11 swamp worms
  7 wargs
  3 hell hounds (Snake:3)
  21 water moccasins
  3 swamp drakes (Swamp:4)
  5 hydra simulacra
  3 sky beasts
  25 orc warriors
  2 boggarts (D:10)
  8 ogres
  2 swamp dragon zombies (Swamp:4)
  3 black bears
  6 wolves (Lair:1)
  3 swamp dragon skeletons (Swamp:4)
  15 centaurs
  A phantom (D:6)
  5 kobold brigands
  3 brain worms
  14 bullfrogs
  3 gnoll sergeants
  A scorpion (D:7)
  7 earth elementals
  2 entropy weaver simulacra (D:14)
  A cane toad simulacrum (IceCv)
  2 two-headed ogre simulacra (IceCv)
  20 small abominations
  15 wights
  7 killer bees
  2 elephant simulacra (IceCv)
  4 electric eels
  6 howler monkeys
  3 crimson imps (Abyss:3)
  4 jellies
  2 quasits (Abyss:3)
  A gnoll bouda (D:8)
  3 hounds
  12 orc priests
  2 iron imps (Abyss:3)
  2 sleepcaps (D:6)
  23 orc wizards
  2 iguanas (D:6)
  4 spriggan simulacra (IceCv)
  A polar bear simulacrum (IceCv)
  9 troll simulacra (IceCv)
  2 wolf simulacra (IceCv)
  6 adders
  25 gnolls
  A river rat (Sewer)
  7 naga simulacra (IceCv)
  3 shadow imps
  11 white imps
  10 ufetubi
  8 worms
  3 dart slugs (D:1)
  68 orcs
  10 endoplasms
  2 giant cockroaches
  5 goblins
  6 hobgoblins
  2 jackals (D:1)
  36 kobolds
  7 quokkas
  3 training dummies (Orc:1)
  6 ball pythons
  6 bats (D:1)
  4 frilled lizards
  14 rats
  An aspiring flesh (Zot:1)
  2 lurking horrors (Abyss:3)
  7 starspawn tentacles
2175 creatures vanquished.

Vanquished Creatures (others)
  A draconian shifter (Zot:1)
  A naga sharpshooter (Snake:1)
  A deep elf pyromancer (Elf:2)
  2 bloated husks
  A water elemental (Elf:1)
  12 foxfires
  A lurking horror (Abyss:4)
  41 starspawn tentacles
60 creatures vanquished.

Grand Total: 2235 creatures vanquished

Notes
Turn   | Place    | Note
-------+----------+-------------------------------------------
     0 | D:1      | Solx the Minotaur Fighter began the quest for the Orb.
     0 | D:1      | Reached XP level 1. HP: 19/19 MP: 0/0
   316 | D:1      | Reached XP level 2. HP: 27/27 MP: 1/1
   438 | D:1      | Reached skill level 4 in Fighting
   528 | D:1      | Reached XP level 3. HP: 33/33 MP: 2/2
  1807 | D:3      | Found a glowing drain.
  1811 | Sewer    | Entered a sewer
  1826 | Sewer    | Reached XP level 4. HP: 35/41 MP: 3/3
  2124 | Sewer    | Reached skill level 5 in Maces & Flails
  2513 | D:3      | Reached XP level 5. HP: 47/47 MP: 4/4
  3070 | D:3      | Found an ornate altar of the Wu Jian Council.
  3247 | D:3      | Reached skill level 5 in Fighting
  3327 | D:4      | Noticed a black bear
  3332 | D:4      | Noticed Menkaure
  3747 | D:4      | Noticed Grinder
  3753 | D:5      | Entered Level 5 of the Dungeon
  3753 | D:5      | Noticed a sky beast
  3765 | D:5      | Killed a sky beast
  3766 | D:5      | Reached XP level 6. HP: 24/56 MP: 5/5
  4597 | D:5      | Reached skill level 6 in Fighting
  4737 | D:5      | Reached XP level 7. HP: 32/63 MP: 6/6
  4975 | D:4      | Killed Menkaure
  5271 | D:4      | Killed Grinder
  5614 | D:6      | Found a radiant altar of Vehumet.
  5792 | D:6      | Reached skill level 10 in Maces & Flails
  5978 | D:6      | Reached XP level 8. HP: 70/70 MP: 7/7
  6068 | D:6      | Found Tuewou's Weapon Emporium.
  6124 | D:6      | Identified the +2 quarterstaff of Xueh {drain, rElec Str+2}
  6203 | D:6      | Reached skill level 1 in Throwing
  6437 | D:7      | Noticed a two-headed ogre
  6455 | D:7      | Killed a two-headed ogre
  6456 | D:7      | Reached skill level 7 in Fighting
  6456 | D:7      | Reached skill level 5 in Armour
  6456 | D:7      | Reached XP level 9. HP: 45/79 MP: 8/8
  6822 | D:7      | Found a staircase to the Ecumenical Temple.
  6832 | Temple   | Entered the Ecumenical Temple
  6856 | Temple   | Became a worshipper of Warmaster Okawaru
  6933 | D:7      | Noticed a two-headed ogre
  6933 | D:7      | Noticed a two-headed ogre
  6957 | D:7      | Killed a two-headed ogre
  6958 | D:7      | Reached skill level 8 in Fighting
  6960 | D:7      | Killed a two-headed ogre
  6960 | D:7      | Reached * piety under Okawaru
  7043 | D:7      | Reached skill level 1 in Invocations
  7174 | D:7      | Found the +8 pair of quick blades "Gyre" and "Gimble"
                  | {protect}
  7651 | D:7      | Reached XP level 10. HP: 90/90 MP: 10/10
  7913 | D:8      | Found Oziudgh's General Store.
  7923 | D:8      | Reached ** piety under Okawaru
  7939 | D:8      | Bought a scroll of fog for 48 gold pieces
  8084 | D:8      | Found a large runed translucent door.
  8084 | D:8      | Found a large runed translucent door.
  8426 | D:8      | Reached skill level 9 in Fighting
  8653 | D:8      | Found a shimmering altar of Xom.
  8658 | D:8      | Found a bloodstained altar of Trog.
  8723 | D:9      | Identified the +1 robe of the Lair of Beasts {Str+8}
  9096 | D:9      | Reached skill level 5 in Shields
  9269 | D:9      | Reached *** piety under Okawaru
  9497 | D:9      | Reached skill level 5 in Invocations
  9653 | D:9      | Noticed a cyclops
  9659 | D:9      | Killed a cyclops
  9974 | D:9      | Noticed a two-headed ogre
 10002 | D:9      | Killed a two-headed ogre
 10003 | D:9      | Reached XP level 11. HP: 80/97 MP: 14/14
 10318 | D:9      | Found a basalt altar of Yredelemnul.
 10330 | D:9      | Reached **** piety under Okawaru
 10540 | D:10     | Entered Level 10 of the Dungeon
 10553 | D:10     | Found a staircase to the Lair.
 10832 | D:10     | Found a white marble altar of Elyvilon.
 10900 | D:10     | Noticed an orc knight
 10921 | D:10     | Killed an orc knight
 10973 | D:10     | Found a glowing silver altar of Zin.
 11236 | D:10     | Noticed a stone giant
 11404 | D:10     | Killed a stone giant
 11545 | D:10     | Noticed a deep elf pyromancer
 11547 | D:10     | Noticed a tengu warrior
 11564 | D:10     | Killed a deep elf pyromancer
 11831 | D:10     | Identified the ring "Pumucw" {rPois rCorr}
 11833 | D:10     | Identified the +3 hand axe of the Badger {pain, ^Fragile
                  | rF+ rN+}
 11871 | D:10     | Noticed an orc knight
 11906 | D:10     | Killed an orc knight
 11917 | D:10     | Reached skill level 15 in Maces & Flails
 11940 | D:10     | Reached skill level 10 in Shields
 12042 | D:10     | Found a staircase to the Orcish Mines.
 12311 | D:10     | Noticed a two-headed ogre
 12530 | D:10     | Reached ***** piety under Okawaru
 12587 | D:10     | Killed a tengu warrior
 12588 | D:10     | Reached XP level 12. HP: 90/104 MP: 10/17
 12722 | D:10     | Got the Spellbook of the Volatile Legion
 12742 | D:10     | Found a runed translucent door.
 12975 | D:10     | Noticed a two-headed ogre
 12988 | D:10     | Killed a two-headed ogre
 13183 | Lair:1   | Entered Level 1 of the Lair of Beasts
 15086 | Lair:1   | Reached skill level 5 in Throwing
 15211 | Lair:2   | Reached skill level 10 in Fighting
 15346 | Lair:2   | Received a gift from Okawaru
 15553 | Lair:2   | Identified the +5 plate armour of the Forest {Str+5 Dex-3}
 15640 | Lair:2   | Reached skill level 11 in Fighting
 16133 | Lair:2   | Received a gift from Okawaru
 16134 | Lair:2   | Reached XP level 13. HP: 116/116 MP: 18/18
 16229 | Lair:2   | Found a staircase to the Swamp.
 16229 | Lair:2   | Noticed an eleionoma
 16238 | Lair:2   | Killed an eleionoma
 16238 | Lair:2   | Reached ****** piety under Okawaru
 16239 | Lair:2   | Reached skill level 12 in Fighting
 17008 | Lair:3   | Found a staircase to the Snake Pit.
 17528 | Lair:4   | Received a gift from Okawaru
 17626 | Lair:4   | Reached skill level 10 in Throwing
 18262 | Lair:4   | Received a gift from Okawaru
 18520 | Lair:4   | Found a staircase to the Slime Pits.
 19086 | Lair:5   | Entered Level 5 of the Lair of Beasts
 19662 | D:11     | Reached skill level 13 in Fighting
 19886 | D:11     | Received a gift from Okawaru
 20568 | D:11     | Reached XP level 14. HP: 118/129 MP: 19/19
 22260 | Lair:4   | Reached skill level 14 in Fighting
 22813 | Lair:5   | Reached skill level 15 in Fighting
 22816 | Lair:5   | Acquired a +6 eveningstar of protection
 22816 | Lair:5   | Received a gift from Okawaru
 22849 | Lair:5   | Received a gift from Okawaru
 23135 | Lair:5   | Reached skill level 16 in Fighting
 23402 | Lair:5   | Received a gift from Okawaru
 23483 | Lair:5   | Got the Book of the Stormy Flock
 23946 | Orc:1    | Entered Level 1 of the Orcish Mines
 23947 | Orc:1    | Noticed Nergalle
 24128 | Orc:1    | Killed Nergalle
 24189 | Orc:1    | Found Mock's Firing Range.
 24360 | Orc:2    | Entered Level 2 of the Orcish Mines
 24360 | Orc:2    | Found Vureen's Book Shoppe.
 24498 | Orc:2    | Reached skill level 1 in Evocations
 24718 | Orc:2    | Paralysed by an orc sorcerer for 5 turns
 24977 | Orc:2    | Found a staircase to the Elven Halls.
 25131 | Orc:2    | Noticed an orc warlord
 25138 | Orc:2    | Killed an orc warlord
 25290 | Orc:2    | Found Muetaoluve's General Store.
 25312 | Orc:2    | Bought a scroll of brand weapon for 142 gold pieces
 25329 | Orc:2    | Found Plog's Antique Weapon Emporium.
 25345 | Orc:2    | Found Poimpapn's Antique Armour Emporium.
 25361 | Orc:2    | Found Exiu's Jewellery Emporium.
 25392 | Orc:2    | Found a shimmering blue altar of Sif Muna.
 25492 | Orc:2    | Bought the +1 pair of boots "Xiwapi" {Dex+5} for 405 gold
                  | pieces
 25594 | Orc:2    | Bought the ring of Abuugu {rElec rC+} for 702 gold pieces
 25820 | Orc:1    | Received a gift from Okawaru
 25821 | Orc:1    | Reached XP level 15. HP: 139/146 MP: 20/20
 25870 | Orc:2    | Acquired a +1 pair of gloves of strength
 25870 | Orc:2    | Received a gift from Okawaru
 26327 | D:13     | Found a frozen archway.
 26347 | IceCv    | Entered an ice cave
 26593 | IceCv    | Reached skill level 17 in Fighting
 27134 | IceCv    | Reached skill level 10 in Armour
 27668 | D:13     | Found a gate to the Vaults.
 28339 | D:14     | Received a gift from Okawaru
 28896 | D:14     | Reached skill level 18 in Fighting
 29037 | D:14     | Reached skill level 1 in Dodging
 29306 | D:14     | Received a gift from Okawaru
 30177 | Snake:1  | Entered Level 1 of the Snake Pit
 30764 | Snake:1  | Received a gift from Okawaru
 30906 | Snake:1  | Identified the serpent talisman of the Past {rN+ Int-4
                  | Stlth+}
 30906 | Snake:1  | Noticed Aizul
 31171 | Snake:2  | Noticed Vashnia
 31191 | Snake:2  | Killed Vashnia
 31192 | Snake:2  | Reached XP level 16. HP: 118/157 MP: 14/21
 32053 | Snake:2  | Reached skill level 10 in Invocations
 32055 | Snake:2  | Found a hide-covered altar of Uskayaw.
 32073 | Snake:2  | Received a gift from Okawaru
 32105 | Snake:2  | Reached skill level 5 in Dodging
 33040 | Snake:2  | Upgraded the game from 0.31-a0-1237-gabc64e778c to
                  | 0.31-a0-1265-gaa4636e842
 34511 | Snake:3  | Noticed Azrael
 34523 | Snake:3  | Killed Azrael
 34849 | Snake:4  | Entered Level 4 of the Snake Pit
 34874 | Snake:3  | Received a gift from Okawaru
 35233 | Snake:4  | Noticed Roxanne
 35307 | Snake:4  | Reached XP level 17. HP: 131/163 MP: 23/23
 35851 | Snake:4  | Received a gift from Okawaru
 36589 | Snake:4  | Reached skill level 15 in Shields
 36866 | Snake:4  | Received a gift from Okawaru
 36918 | Snake:4  | Got a serpentine rune of Zot
 37288 | Swamp:1  | Entered Level 1 of the Swamp
 37823 | Swamp:2  | Noticed Mlioglotl
 37838 | Swamp:1  | Killed Mlioglotl
 38024 | Swamp:2  | Noticed Donald
 38105 | Swamp:1  | Killed Donald
 38707 | Swamp:2  | Received a gift from Okawaru
 38935 | Swamp:2  | Got the Vellum of the Hornet and Lithomancy
 39225 | Swamp:3  | Identified the +1 robe of the Lonely Lives {Str+4}
 39596 | Swamp:4  | Entered Level 4 of the Swamp
 39776 | Swamp:4  | Reached XP level 18. HP: 164/172 MP: 24/24
 40080 | Swamp:4  | Received a gift from Okawaru
 40278 | Swamp:4  | Found a blossoming altar of Fedhas.
 40308 | Swamp:4  | Found a basalt altar of Yredelemnul.
 40462 | Swamp:4  | Got a decaying rune of Zot
 40693 | Vaults:1 | Entered Level 1 of the Vaults
 40901 | Orc:1    | Bought a manual of Throwing for 1200 gold pieces
 41025 | Vaults:1 | Reached skill level 19 in Fighting
 41056 | Vaults:1 | Found the +3 Mad Mage's Maulers {Infuse+∞ VampMP -Cast}
 41845 | Vaults:1 | Paralysed by a formless jellyfish for 1 turns
 42036 | Vaults:1 | Received a gift from Okawaru
 42218 | Vaults:1 | Reached skill level 15 in Throwing
 43826 | Vaults:1 | Received a gift from Okawaru
 45351 | Vaults:2 | Identified the +5 long sword of Distant Worlds {speed,
                  | ^Fragile rPois Will++ rCorr}
 45815 | Vaults:2 | Received a gift from Okawaru
 45940 | Vaults:2 | Reached skill level 20 in Fighting
 46081 | Vaults:2 | Reached XP level 19. HP: 185/185 MP: 8/25
 48081 | Vaults:3 | Received a gift from Okawaru
 49033 | Vaults:3 | Reached skill level 15 in Armour
 49941 | Vaults:3 | Received a gift from Okawaru
 51036 | Vaults:3 | Found Zunuew's Antique Armour Shop.
 51044 | Vaults:3 | Bought a masterwork scale mail for 252 gold pieces
 51044 | Vaults:3 | Identified the +5 scale mail of Venehero {rC++ rN+ Will+
                  | Stlth-} (You bought it in a shop on level 3 of the Vaults)
 52316 | Vaults:4 | Received a gift from Okawaru
 52464 | Vaults:4 | Identified the +0 sling of Acurues {freeze, rElec rPois
                  | rF-}
 52849 | Vaults:4 | Reached XP level 20. HP: 178/193 MP: 2/26
 53261 | Vaults:4 | Noticed a golden dragon
 53380 | Vaults:4 | Killed a golden dragon
 53381 | Vaults:4 | Received a gift from Okawaru
 55221 | D:15     | Entered Level 15 of the Dungeon
 55241 | D:15     | Found an ancient bone altar of Kikubaaqudgha.
 55596 | D:15     | Noticed Josephine
 55600 | D:15     | Received a gift from Okawaru
 55602 | D:15     | Killed Josephine
 55771 | D:15     | Found Bioz Reo's Antique Weapon Shoppe.
 55950 | D:15     | Noticed Rupert
 55958 | D:15     | Killed Rupert
 56646 | D:15     | Found a staircase to the Depths.
 57049 | Depths:1 | Entered Level 1 of the Depths
 57391 | Depths:1 | Found a burning altar of Makhleb.
 57472 | Depths:1 | Found a transporter.
 57577 | Depths:1 | Received a gift from Okawaru
 58140 | Depths:1 | Found a one-way gate leading to the halls of Pandemonium.
 59522 | Depths:2 | Identified the +6 ring mail "Balog" {Int+4}
 59609 | Depths:2 | Found a gateway to Hell.
 59614 | Depths:2 | Received a gift from Okawaru
 60158 | Depths:2 | Reached XP level 21. HP: 180/201 MP: 1/27
 60335 | Depths:2 | Found a runed translucent gate.
 60335 | Depths:2 | Found a runed translucent gate.
 60335 | Depths:2 | Found a runed translucent gate.
 60525 | Depths:2 | Noticed a juggernaut
 60533 | Depths:2 | Killed a juggernaut
 60587 | Depths:2 | Found a runed translucent gate.
 60587 | Depths:2 | Found a runed translucent gate.
 60587 | Depths:2 | Found a runed translucent gate.
 60793 | Depths:2 | Found Ysaor's Jewellery Boutique.
 60793 | Depths:2 | Found Yloase's Book Shoppe.
 60794 | Depths:2 | Found Sob Kem's Book Shoppe.
 61073 | Depths:3 | Received a gift from Okawaru
 61086 | Depths:3 | Gained mutation: You have hidden genetic defects. [a
                  | cacodemon]
 61219 | Depths:3 | Noticed Vv
 61358 | Depths:2 | Lost mutation: You have hidden genetic defects. [potion of
                  | mutation]
 61358 | Depths:2 | Gained mutation: You have sharp toenails. [potion of
                  | mutation]
 61358 | Depths:2 | Gained mutation: You are partially covered in large bone
                  | plates. (SH +4) [potion of mutation]
 61358 | Depths:2 | Gained mutation: You are clumsy. (Dex -2) [potion of
                  | mutation]
 61672 | Depths:3 | Killed Vv
 61673 | Depths:3 | Reached skill level 10 in Dodging
 62948 | Depths:3 | Identified the +3 leather armour of the Dungeon {rPois
                  | Int-5 SInv Stlth+}
 62949 | Depths:3 | Found Zueppew's Book Shoppe.
 62950 | Depths:3 | Found the +8 frozen axe "Frostbite" {freeze, freezing
                  | cloud, *Noise Fly rC+}
 63222 | Depths:3 | Found a one-way gate to the infinite horrors of the Abyss.
 63792 | Depths:3 | Received a gift from Okawaru
 65386 | Depths:3 | Noticed a juggernaut
 65400 | Depths:3 | Killed a juggernaut
 65900 | Depths:4 | Entered Level 4 of the Depths
 66230 | Elf:1    | Entered Level 1 of the Elven Halls
 66278 | Elf:1    | You fall into a shaft and drop 1 floor!
 66306 | Elf:2    | Received a gift from Okawaru
 66517 | Elf:2    | Found a runed translucent gate.
 66517 | Elf:2    | Found a runed translucent gate.
 66517 | Elf:2    | Found a runed translucent gate.
 67034 | Elf:2    | Found a transporter.
 67038 | Elf:2    | Found a transporter.
 67056 | Elf:2    | Found a transporter.
 67056 | Elf:2    | Found a transporter.
 67448 | Elf:1    | Paralysed by an air elemental for 1 turns
 67633 | Elf:1    | Reached XP level 22. HP: 206/209 MP: 5/28
 68333 | Elf:1    | Found Tuemob's Magic Scroll Shoppe.
 68935 | Elf:1    | Got Hioll's Discourse on Frostbite
 69064 | Elf:2    | Found a transporter.
 69065 | Elf:2    | Found a transporter.
 69157 | Elf:2    | Received a gift from Okawaru
 69608 | Elf:3    | Entered Level 3 of the Elven Halls
 70239 | Elf:3    | Identified the +7 dagger "Huapaujyaz" {freeze, rElec rCorr
                  | Str+2 Int+4}
 70576 | Depths:2 | Bought the ring "Fuysext" {rPois Will+ rCorr Str+3 Int+2}
                  | for 1098 gold pieces
 71964 | Elf:3    | Reached skill level 21 in Fighting
 72034 | Elf:3    | Identified the +1 robe "Huloezxa" {Rampage rF+ rCorr
                  | Stlth-}
 72133 | Elf:3    | Received a gift from Okawaru
 72255 | Elf:3    | Identified the staff "Pendulum" {rElec Str+5 Int+6 Dex-2
                  | Air}
 72265 | Elf:3    | Identified the +3 arbalest of Valiance {elec, rC+}
 72361 | Elf:3    | Identified the +6 spear "Demonbane" {drain, *Slow Int+6}
 72373 | Elf:3    | Identified the staff of Xeamp {+Blink rElec Tloc Air}
 72790 | Depths:3 | Voluntarily entered the Abyss.
 72807 | Abyss:1  | Found a corrupted altar of Lugonu.
 72861 | Abyss:2  | Found a corrupted altar of Lugonu.
 72862 | Abyss:2  | Found a corrupted altar of Lugonu.
 72862 | Abyss:2  | Found a corrupted altar of Lugonu.
 72934 | Abyss:3  | Found a corrupted altar of Lugonu.
 73161 | Abyss:3  | Paralysed by an air elemental for 1 turns
 73277 | Abyss:3  | Found a corrupted altar of Lugonu.
 73281 | Abyss:3  | Found a corrupted altar of Lugonu.
 73284 | Abyss:3  | Found a corrupted altar of Lugonu.
 73315 | Abyss:3  | Found a corrupted altar of Lugonu.
 73324 | Abyss:3  | Gained mutation: You are very clumsy. (Dex -4) [a
                  | cacodemon]
 73325 | Abyss:3  | Gained mutation: Your body sometimes deteriorates upon
                  | taking damage. [a cacodemon]
 73350 | Abyss:3  | Received a gift from Okawaru
 73598 | Abyss:3  | Found a corrupted altar of Lugonu.
 73645 | Abyss:3  | Noticed an ancient lich
 73671 | Abyss:3  | Killed an ancient lich
 73780 | Abyss:3  | Received a gift from Okawaru
 73841 | Abyss:3  | Reached XP level 23. HP: 222/222 MP: 29/29
 73949 | Abyss:3  | Reached skill level 22 in Fighting
 74328 | Abyss:3  | Found a corrupted altar of Lugonu.
 74385 | Abyss:3  | Found a corrupted altar of Lugonu.
 74531 | Abyss:3  | Found a corrupted altar of Lugonu.
 74614 | Abyss:3  | Found a corrupted altar of Lugonu.
 74628 | Abyss:3  | Received a gift from Okawaru
 74833 | Abyss:4  | Paralysed by accursed screaming for 1 turns
 74895 | Abyss:4  | Found a corrupted altar of Lugonu.
 75036 | Abyss:4  | Paralysed by accursed screaming for 2 turns
 75279 | Abyss:4  | Found a hazy altar of Hepliaklqana.
 75316 | Abyss:4  | Found a hazy altar of Hepliaklqana.
 75330 | Abyss:4  | Received a gift from Okawaru
 75337 | Abyss:4  | Found a corrupted altar of Lugonu.
 75390 | Abyss:4  | Paralysed by accursed screaming for 1 turns
 75417 | Abyss:4  | Got an abyssal rune of Zot
 75522 | Depths:3 | Escaped the Abyss
 75634 | Depths:4 | Found a one-way gateway to a ziggurat.
 75680 | Depths:4 | Noticed Sojobo
 75705 | Depths:4 | Killed Sojobo
 75777 | Depths:4 | Paralysed by a sphinx for 5 turns
 75987 | Depths:4 | Identified the +0 ring mail "Silygut" {^Drain Int+4 SInv}
 76132 | Depths:4 | Noticed Jory
 76151 | Depths:4 | Killed Jory
 76267 | Depths:4 | Received a gift from Okawaru
 76291 | Depths:4 | Found a gate to the Realm of Zot.
 76687 | Zot:1    | Entered Level 1 of the Realm of Zot
 76739 | Zot:1    | Noticed an orb of fire
 76756 | Depths:4 | Reached XP level 24. HP: 213/233 MP: 29/29
 76778 | Zot:1    | Killed an orb of fire
 76786 | Zot:1    | HP: 8/233 [green draconian monk (26)]
 77286 | Zot:1    | Received a gift from Okawaru
 78409 | Zot:3    | Got the Discourse on Undead Heat
 78516 | Zot:2    | Noticed a Killer Klown
 78516 | Zot:2    | Noticed a Killer Klown
 78642 | Zot:5    | Entered Level 5 of the Realm of Zot
 78683 | Zot:4    | Identified the +2 ring mail of the Bruised Friends {-Cast
                  | rElec Str+3}
 78712 | Zot:4    | Reached skill level 23 in Fighting
 79000 | Zot:5    | Received a gift from Okawaru
 79027 | Zot:5    | Noticed Juzit's ghost (legendary GnFi)
 79185 | Zot:5    | Found a transporter.
 79193 | Zot:5    | Found a transporter.
 79385 | Zot:5    | Noticed a dread lich
 79402 | Zot:5    | Killed a dread lich
 79403 | Zot:5    | Noticed an orb of fire
 79404 | Zot:5    | Noticed a Killer Klown
 79413 | Zot:5    | Killed an orb of fire
 79413 | Zot:5    | Killed a Killer Klown
 79421 | Zot:5    | Noticed a Killer Klown
 79422 | Zot:5    | Noticed a Killer Klown
 79481 | Zot:4    | Killed a Killer Klown
 79499 | Zot:5    | Killed a Killer Klown
 79500 | Zot:5    | Reached skill level 24 in Fighting
 79509 | Zot:5    | Received a gift from Okawaru
 79570 | Zot:5    | Noticed an orb of fire
 79578 | Zot:5    | Gained mutation: You are frail. (-10% HP) [an orb of fire]
 79583 | Zot:5    | Killed an orb of fire
 79691 | Zot:5    | Noticed an orb of fire
 79694 | Zot:5    | Killed an orb of fire
 79722 | Zot:5    | Noticed an ancient lich
 79724 | Zot:5    | Killed an ancient lich
 79725 | Zot:5    | Reached skill level 25 in Fighting
 79725 | Zot:5    | Reached XP level 25. HP: 118/224 MP: 26/29
 79731 | Zot:5    | Noticed a Killer Klown
 79746 | Zot:4    | Received a gift from Okawaru
 79827 | Zot:4    | Killed a Killer Klown
 79941 | Zot:5    | Noticed an ancient lich
 79960 | Zot:5    | Killed an ancient lich
 80193 | Zot:5    | Noticed a Killer Klown
 80216 | Zot:5    | Killed a Killer Klown
 80403 | Zot:5    | Got the Orb of Zot
 80503 | Zot:4    | Noticed Uniozus the pandemonium lord
 80524 | Zot:4    | Noticed Cofaqo the pandemonium lord
 80542 | Zot:3    | Reached skill level 26 in Fighting
 80649 | Depths:2 | Noticed Moidwoff the pandemonium lord
 80669 | Depths:1 | Noticed Voafe the pandemonium lord
 80727 | Depths:1 | Killed Voafe the pandemonium lord
 81095 | D:1      | Lost mutation: You are partially covered in large bone
                  | plates. (SH +4) [potion of mutation]
 81095 | D:1      | Lost mutation: You are very clumsy. (Dex -4) [potion of
                  | mutation]
 81095 | D:1      | Lost mutation: Your body sometimes deteriorates upon taking
                  | damage. [potion of mutation]
 81095 | D:1      | Gained mutation: Your body sometimes deteriorates upon
                  | taking damage. [potion of mutation]
 81095 | D:1      | Gained mutation: You expend magic power (3 MP) to
                  | strengthen your wands. [potion of mutation]
 81095 | D:1      | Gained mutation: You have razor-sharp toenails. [potion of
                  | mutation]
 81095 | D:1      | Gained mutation: Your mind is acute. (Int +4, Str/Dex -1)
                  | [potion of mutation]
 81096 | D:1      | Lost mutation: You have razor-sharp toenails. [potion of
                  | mutation]
 81096 | D:1      | Lost mutation: Your mind is acute. (Int +4, Str/Dex -1)
                  | [potion of mutation]
 81096 | D:1      | Gained mutation: You do not regenerate when monsters are
                  | visible. [potion of mutation]
 81096 | D:1      | Lost mutation: You have sharp toenails. [potion of
                  | mutation]
 81097 | D:1      | Lost mutation: Your body sometimes deteriorates upon taking
                  | damage. [potion of mutation]
 81097 | D:1      | Lost mutation: You do not regenerate when monsters are
                  | visible. [potion of mutation]
 81097 | D:1      | Lost mutation: You expend magic power (3 MP) to strengthen
                  | your wands. [potion of mutation]
 81097 | D:1      | Gained mutation: Your body sometimes deteriorates upon
                  | taking damage. [potion of mutation]
 81097 | D:1      | Gained mutation: You have a somewhat thin skeletal
                  | structure. (Dex +2, Stealth+) [potion of mutation]
 81097 | D:1      | Gained mutation: You have hidden genetic potential. [potion
                  | of mutation]
 81098 | D:1      | Lost mutation: You have hidden genetic potential. [potion
                  | of mutation]
 81098 | D:1      | Lost mutation: You have a somewhat thin skeletal structure.
                  | (Dex +2, Stealth+) [potion of mutation]
 81098 | D:1      | Lost mutation: You are clumsy. (Dex -2) [potion of
                  | mutation]
 81098 | D:1      | Gained mutation: Your mind is acute. (Int +4, Str/Dex -1)
                  | [potion of mutation]
 81098 | D:1      | Gained mutation: You possess an exceptional clarity of
                  | mind. [potion of mutation]
 81098 | D:1      | Gained mutation: You are partially covered in iridescent
                  | scales. (AC +2) [potion of mutation]
 81099 | D:1      | Lost mutation: You are partially covered in iridescent
                  | scales. (AC +2) [potion of mutation]
 81099 | D:1      | Lost mutation: Your mind is acute. (Int +4, Str/Dex -1)
                  | [potion of mutation]
 81099 | D:1      | Lost mutation: Your body sometimes deteriorates upon taking
                  | damage. [potion of mutation]
 81099 | D:1      | Gained mutation: You have hidden genetic potential. [potion
                  | of mutation]
 81099 | D:1      | Gained mutation: You are partially covered in iridescent
                  | scales. (AC +2) [potion of mutation]
 81113 | D:$      | Escaped with the Orb!

Illustrated notes

Levels and vault maps discovered:
D:1:      evilmike_arrival_hilbert_curve, layout_basic, minmay_misc_feat_doors,
          grunt_decor_one_mirror, minmay_domino_4
D:2:      layout_loops_ring, serial_park_tiny_pond
D:3:      layout_loops_ring, nzn_wu_jian_council_hall, gup_sewer_entry_bowl,
          minmay_fractal_squares_gapless_5
D:4:      layout_cave_pools, dreamdust_gnoll_farm, uniq_menkaure, uniq_grinder
D:5:      layout_basic
D:6:      layout_basic, vehumet_crystals, serial_shops,
          nicolae_shop_bloodbath_and_beyond, minmay_misc_feat_plants
D:7:      layout_basic, minmay_temple_entry_glassed_door,
          minmay_misc_feat_rugged, minmay_misc_feat_secret_circle,
          hellmonk_guarded_unrand_gyre_and_gimble
D:8:      layout_rooms, jmf_multi_god_temple2, serial_shops, shop,
          hangedman_decor_push, st_stairs_6
D:9:      minmay_cornered_nines, layout_long_grid, mainiacjoe_overflow_catwalk,
          lightli_orcish_oven
D:10:     minmay_the_grid_four_pointed_star
          [minmay_the_grid_triangle_9x9_subtriangle,
          minmay_the_grid_triangle_9x9_flanged_cone,
          minmay_the_grid_triangle_9x9_sparse_checkered,
          minmay_the_grid_triangle_9x9_thin_v,
          minmay_the_grid_prize_diamond_cup], layout_stronghold,
          mainiacjoe_overflow_catwalk_spiral, erik_lair_orcish_takeover,
          minivault_22, minivault_28
D:11:     layout_roguey
D:12:     layout_basic, chequers_serial_rivers_room_a, nrook_mini_vaults
D:13:     layout_irregular_city, david_vaults_2, portal_ice_cave_demonic_guard
D:14:     dreamdust_isle_of_ice, layout_basic, grunt_decor_cap,
          nicolae_letterblocks [nicolae_letter_subblock,
          nicolae_letter_subblock, nicolae_letter_subblock,
          nicolae_letter_subblock, nicolae_letter_subblock,
          nicolae_letter_subblock, nicolae_letter_subblock,
          nicolae_letter_subblock, nicolae_letter_subblock,
          nicolae_letter_subblock, nicolae_letter_subblock,
          nicolae_letter_subblock, nicolae_letter_subblock,
          nicolae_letter_subblock, nicolae_letter_subblock,
          nicolae_letter_subblock, nicolae_letter_subblock,
          nicolae_letter_subblock, nicolae_letter_subblock,
          nicolae_letter_subblock, nicolae_letter_subblock,
          nicolae_letter_subblock, nicolae_letter_subblock,
          nicolae_letter_subblock, nicolae_letter_subblock]
D:15:     hangedman_depths_entry_try_elsewhere_first, layout_loops_cross,
          serial_shops, nicolae_shop_temple_entry_statues_fountains,
          nicolae_kikubaaqudgha_miasma_corner, uniq_josephine, uniq_rupert
Temple:   regret_index_temple_generic_petals
Lair:1:   layout_regular_city, minmay_lair_oklob_bushes, serial_bayou_shore_a,
          serial_bayou_shore_b
Lair:2:   layout_roguey, alex1729_swamp_entry_worm_eleionoma,
          serial_bayou_shore_b, serial_bayou_shore_b, grunt_megastairs_2
Lair:3:   layout_hall_layers, minmay_snake_entry_six_corridors
Lair:4:   layout_regular_city, minmay_slime_entry_pillars,
          infiniplex_staircase_pool_2
Lair:5:   gammafunk_lair_ancient_temple, layout_regular_city
Swamp:1:  layout_basic_swamp, wheals_swamp_sinkhole
Swamp:2:  layout_falls_marsh, evilmike_swamp_ruin_house_6,
          nicolae_swamp_decorative_isthmus, infiniplex_staircase_pool,
          uniq_mlioglotl, uniq_donald
Swamp:3:  layout_falls_marsh, evilmike_swamp_ruin_house_2, swamp_pool_1_2
Swamp:4:  byrel_swamp_growth_death_and_undeath, layout_basic_swamp
Snake:1:  nicolae_snake_shooting_gallery, layout_rooms, serial_shops,
          nicolae_shop_window_shopping, serial_library_hellmonk_small_corner,
          uniq_aizul
Snake:2:  minmay_snake_river, layout_basic, basic_altar, nicolae_integral_box,
          uniq_vashnia
Snake:3:  layout_gridlike, uniq_azrael
Snake:4:  grunt_snake_rune_pools, layout_basic, uniq_roxanne
Orc:1:    layout_caves, nicolae_shop_firing_range, uniq_nergalle
Orc:2:    grunt_orc_cross, layout_caves, serial_shops, nicolae_square_shop,
          kennysheep_orc_sif_temple
Elf:1:    eino_elf_arrival_sip, layout_geoelf_grid, serial_shops,
          nicolae_shop_hallway_plus, kennysheep_underground_church,
          item_on_display_a
Elf:2:    nicolae_elf_blades_splatter_lattice [nicolae_blade_little_rooms],
          layout_geoelf_octagon, serial_nicolae_subway,
          nicolae_sub_station_metal, nicolae_sub_station_stone,
          nicolae_sub_station_crystal, uniq_norris
Elf:3:    elf_hall_gauntlet_narrow, layout_onion_city
Vaults:1: ontoclasm_vaults_pinch, st_quartered_hall, v_alt_pattern_2,
          ontoclasm_vaults_eye, nicolae_vaults_mini_display_case,
          nicolae_vaults_storage_closets_2, grunt_vaults_funnel,
          vaults_dpeg_ring, layout_vaults_omnigrid
Vaults:2: hangedman_vaults_stitches, nicolae_vaults_cornered_office,
          vaults_dpeg_cross, v_pattern_4, vaults_room_semicircle,
          hangedman_vaults_nails, nicolae_vaults_cornered_office,
          v_alt_pattern_5, v_misc_24, v_misc_15, ontoclasm_vaults_ligature,
          nicolae_vaults_angled_halls, layout_vaults_omnibox
Vaults:3: v_misc_3, minmay_crypt_entry_skeletal_spiral,
          nicolae_vaults_trapezoid_lopsided_3, v_rooms_2,
          nicolae_vaults_tetromino_L_1, nicolae_vaults_apartment_2,
          layout_vaults_big_room, serial_shops, shop
Vaults:4: hangedman_vaults_variations, nicolae_vaults_minivaults,
          vaults_room_ringed_pool, dpeg_vaults_monster_row,
          nicolae_vaults_door_testing_chamber, nicolae_vaults_frosty_reception,
          grunt_vaults_trifunnel, nicolae_vaults_network_barrier, v_misc_14,
          ontoclasm_vaults_claustrophobia, nicolae_vaults_double_plus_3,
          ontoclasm_vaults_ring_large, layout_vaults_maze
Depths:1: gammafunk_its_a_trap, layout_gridville, rand_demon_pan_entry_9,
          hell_entry, makhleb_altar_promises_db, grunt_megastairs_5
Depths:2: kennysheep_treasure_stockpile, layout_gridville, dk_noncrumbling_4,
          grunt_hell_entry_dis_old, rand_demon_pan_entry_3, minmay_shop_grove
Depths:3: kennysheep_snake, layout_long_grid, abyss_entry_crystal,
          kennysheep_boxes, serial_shops, shop, rand_demon_pan_entry_1,
          hell_entry, ebering_dispersal_statue_hall, minivault_12, uniq_vv
Depths:4: grunt_twist_and_shout, layout_gridlike, enter_ziggurat_b,
          grunt_mini_vestibule, hangedman_glass_teeth,
          abyss_entry_small_statue_room, uniq_sojobo, uniq_jory
Zot:1:    layout_cathedral_of_symmetry
Zot:2:    grunt_zot_stairs_faceoff, layout_misc_corridors,
          chequers_guarded_unrand_mask_of_the_dragon, lemuel_elevator
Zot:3:    layout_misc_corridors, regret_index_zotdec_iron_s,
          hangedman_zot_decor_scrapings, st_large_dragon_hoard_1
Zot:4:    layout_misc_corridors, regret_index_zotdec_wing_it
Zot:5:    layout_basic, gammafunk_ghost_arena, st_stairs_6

Skill      XL: |  1  2  3  4  5  6  7  8  9 10 11 12 13 14 15 16 17 18 19 20 21 22 23 24 25 |
---------------+----------------------------------------------------------------------------+-----
Maces & Flails | 3 4 5 6 7 10 13 14 15 16 17 18 19 20 21 | 21.0
Fighting       | 4 5 6 7 8 9 11 13 16 18 20 21 22 25 26 | 26.2
Shields        | 4 7 10 12 13 14 17 19 20 22 23 | 23.0
Armour         | 4 5 6 8 9 12 13 14 16 19 20 22 24 | 24.8
Throwing       | 3 4 7 10 12 14 16 18 20 21 23 | 23.0
Invocations    | 1 6 8 10 | 10.0
Evocations     | 3 4 |  4.0
Dodging        | 4 6 8 10 12 | 12.0

Action                     |  1- 3 |  4- 6 |  7- 9 | 10-12 | 13-15 | 16-18 | 19-21 | 22-24 | 25-27 || total
---------------------------+-------+-------+-------+-------+-------+-------+-------+-------+-------++-------
  Melee: Flail             |   115 |   153 |    80 |   195 |       |       |       |       |       ||   543
         Headbutt          |    18 |    15 |    31 |   167 |   303 |   264 |   294 |   483 |    51 ||  1626
         Quarterstaff      |       |       |    67 |    56 |       |       |       |       |       ||   123
         Morningstar       |       |       |       |   511 |   556 |       |       |       |       ||  1067
         Eveningstar       |       |       |       |       |   723 |  1018 |  1094 |  1663 |   259 ||  4757
  Throw: Boomerang         |       |     2 |       |       |   107 |   198 |    62 |   219 |    19 ||   607
         Dart              |       |       |     8 |    25 |     2 |       |     2 |       |       ||    37
         Javelin           |       |       |       |       |       |     7 |    13 |    57 |    19 ||    96
 Invoke: Heroism           |       |       |       |     7 |     3 |       |       |       |       ||    10
         Finesse           |       |       |       |     7 |     7 |     6 |     7 |    14 |     3 ||    44
         Receive Weapon    |       |       |       |       |     1 |       |       |       |       ||     1
         Receive Armour    |       |       |       |       |     1 |       |       |       |       ||     1
  Evoke: Wand              |       |       |     1 |     6 |     3 |     3 |     1 |       |       ||    14
    Use: Scroll            |     1 |       |     6 |     4 |    12 |    12 |     8 |    16 |     2 ||    61
         Potion            |       |     1 |     1 |       |       |     4 |     4 |    11 |     8 ||    29
   Stab: Petrified         |       |       |       |       |     1 |       |       |       |       ||     1
         Distracted        |       |       |       |       |     1 |       |       |     1 |       ||     2
         Paralysed         |       |       |       |       |       |       |       |     1 |       ||     1
 Armour: Scale mail        |    75 |    47 |       |       |       |       |       |       |       ||   122
         Plate armour      |       |    51 |    97 |    82 |   695 |   572 |   170 |       |       ||  1667
         Chain mail        |       |       |       |   374 |       |       |       |       |       ||   374
         Gold dragon scale |       |       |       |       |       |       |   305 |   787 |    96 ||  1188
  Dodge: Dodged            |    74 |    39 |    30 |   163 |   218 |   206 |   140 |   265 |    23 ||  1158
  Block: Buckler           |    34 |    24 |    19 |    49 |       |       |       |       |       ||   126
         Kite shield       |       |       |       |   246 |   705 |   363 |       |       |       ||  1314
         Reflection        |       |       |       |       |    41 |   106 |    68 |    65 |     1 ||   281
         Tower shield      |       |       |       |       |       |   615 |  1019 |  1955 |   274 ||  3863

Table legend: (Time is in decaauts)
 A = Elapsed time spent in this place.
 B = Non-inter-level travel time spent in this place.
 C = Inter-level travel time spent in this place.
 D = Time resting spent in this place.
 E = Time spent auto-exploring this place.
 F = Levels seen in this place.
 G = Mean time per level.
                   A        B        C        D        E       F      G
               +--------+--------+--------+--------+--------+-----+--------+
         Total |  79932 |  75499 |   4433 |  25181 |  19073 |  53 | 1508.2 |
       Dungeon |  21140 |  19487 |   1653 |   5030 |   7345 |  15 | 1409.3 |
        Temple |     49 |     49 |      0 |      0 |      0 |   1 |   49.0 |
          Lair |   8833 |   7907 |    926 |   2345 |   2163 |   5 | 1766.6 |
         Swamp |   3464 |   3370 |     94 |    847 |    706 |   4 |  866.0 |
     Snake Pit |   6564 |   6339 |    225 |   2251 |   1064 |   4 | 1641.0 |
  Orcish Mines |   2096 |   1930 |    166 |    240 |    294 |   2 | 1048.0 |
   Elven Halls |   5771 |   5444 |    327 |   1876 |   1672 |   3 | 1923.7 |
        Vaults |  14092 |  13846 |    246 |   7008 |   3324 |   4 | 3523.0 |
        Depths |  10433 |   9702 |    731 |   4868 |   1557 |   4 | 2608.2 |
           Zot |   3585 |   3524 |     61 |    490 |    442 |   5 |  717.0 |
         Abyss |   2429 |   2429 |      0 |    120 |     26 |   4 |  607.2 |
         Sewer |    574 |    574 |      0 |    105 |    185 |   1 |  574.0 |
      Ice Cave |    894 |    894 |      0 |      0 |    294 |   1 |  894.0 |
               +--------+--------+--------+--------+--------+-----+--------+

Top non-repeatable levels by time:
Vaults:1: 4164 daAuts
Depths:3: 3844 daAuts
Depths:2: 3711 daAuts
Vaults:2: 3521 daAuts
Vaults:3: 3237 daAuts
Vaults:4: 3168 daAuts
 Snake:2: 2694 daAuts
    D:10: 2484 daAuts
   Elf:3: 2304 daAuts
  Lair:4: 2285 daAuts
  Lair:1: 2174 daAuts
     D:9: 2160 daAuts
 Snake:4: 2087 daAuts
    D:15: 1977 daAuts
   Elf:1: 1794 daAuts
